 Dungeon Crawl Stone Soup version 0.18.1-1-g2f07953 (webtiles) character file.

273 Chiseanne the Magician (level 6, 36/41 HPs)
             Began as a Demonspawn Wizard on May 6, 2016.
             Quit the game on level 4 of the Dungeon.
             The game lasted 00:11:03 (4727 turns).

Chiseanne the Magician (Demonspawn Wizard)          Turns: 4727, Time: 00:11:04

Health: 36/41      AC:  3    Str:  7    XL:     6   Next: 2%
Magic:  13/13      EV: 12    Int: 22    God:
Gold:   173        SH:  0    Dex: 11    Spells: 6 memorised, 1 level left

rFire  . . .     SeeInvis .     w - +1 hunting sling
rCold  . . .     Gourm    .     k - +0 robe
rNeg   . . .     Faith    .     (no shield)
rPois  .         Spirit   .     o - +0 helmet
rElec  .         Dismiss  .     (no cloak)
rCorr  .         Reflect  .     (no gloves)
SustAt .         Harm     .     (no boots)
MR     .....                    (no amulet)
Stlth  ++........               (no ring)
                                (no ring)

@: repel missiles, not resistant to hostile enchantments, unstealthy
A: demonic guardian 1, powered by pain 2
a: no special abilities


You were on level 4 of the Dungeon.
You were not hungry.

You visited 1 branch of the dungeon, and saw 4 of its levels.

You collected 173 gold pieces.

Inventory:

Hand Weapons
 a - a +2 dagger of speed
 w - a +1 hunting sling (weapon)
Missiles
 e - 20 poisoned needles
 f - 11 bolts
 g - 63 arrows
 h - 48 stones (quivered)
 n - 33 sling bullets
 s - 7 tomahawks
Armour
 k - a +0 robe (worn)
 o - a +0 helmet (worn)
Jewellery
 r - an uncursed ring of wizardry {unknown}
Wands
 t - a wand of confusion (35/48)
Scrolls
 m - a scroll of remove curse
 u - 3 scrolls of identify
 y - a scroll of blinking {unknown}
Potions
 b - a potion of heal wounds {unknown}
 i - a potion of might {unknown}
 j - a potion of agility
 x - 2 potions of flight
 z - a potion of curing {unknown}
Books
 c - a book of Minor Magic

   Spells                             Type                      Level
   a - Magic Dart                     Conjuration                  1
   b - Blink                          Translocation                2
   c - Call Imp                       Summoning                    2
   d - Repel Missiles                 Charms/Air                   2
   e - Slow                           Hexes                        2
   f - Conjure Flame                  Conjuration/Fire             3
   g - Mephitic Cloud                 Conjuration/Poison/Air       3
Comestibles
 d - 4 bread rations
 l - a meat ration
 p - a slice of pizza
 q - a royal jelly
 v - 3 chunks of flesh


   Skills:
 - Level 1.7 Dodging
 - Level 1.7 Stealth
 * Level 4.9 Spellcasting
 * Level 4.2 Conjurations
 - Level 1.0 Summonings
 - Level 0.8 Translocations


You had one spell level left.
You knew the following spells:

 Your Spells              Type           Power        Failure   Level  Hunger
a - Magic Dart            Conj           ###.         1%          1    None
b - Blink                 Tloc           N/A          12%         2    None
c - Conjure Flame         Conj/Fire      ##......     14%         3    ##.....
d - Mephitic Cloud        Conj/Pois/Air  ##......     17%         3    ##.....
e - Call Imp              Summ           #.......     12%         2    None
f - Repel Missiles        Chrm/Air       #.....       17%         2    None


Dungeon Overview and Level Annotations

Branches:
Dungeon (4/15)
 Temple: D:4-7

Altars:
Dithmenos
Elyvilon
Kikubaaqudgha
Makhleb
Yredelemnul


Innate Abilities, Weirdness & Mutations

A weak demonic guardian rushes to your aid.
You sometimes gain power by taking damage.


Message History

Aim: an adder (hasn't noticed you)
You shoot a stone. The stone closely misses the adder.
Firing (i - inventory. (,) - cycle):
h - 52 stones (quivered)
Press: ? - help, Shift-Dir - straight line, f/p - adder
Aim: an adder You shoot a stone.
The stone barely misses the adder.
Firing (i - inventory. (,) - cycle):
h - 51 stones (quivered)
Press: ? - help, Shift-Dir - straight line, f/p - adder
Aim: an adder You shoot a stone.
The stone misses the adder.
Firing (i - inventory. (,) - cycle):
h - 50 stones (quivered)
Press: ? - help, Shift-Dir - straight line, f/p - adder
Aim: an adder You shoot a stone.
The stone barely misses the adder.
The adder barely misses you. The adder closely misses you.
Firing (i - inventory. (,) - cycle):
h - 49 stones (quivered)
Press: ? - help, Shift-Dir - straight line, f/p - adder
Aim: an adder You shoot a stone.
The stone barely misses the adder.
The adder bites you. x2
Are you sure you want to abandon this character and quit the game? (Confirm with "yes".)

#. #.# #.#### #.# #.##
....#####.# #...
#..#.....# #..#
##.#.###.# #..##
..###........#####....
......#..........<..#
#.#####....####)..##..##
#.....@S...).(.........
#.#######..####.####....
.....# #.# #....
######## #.####....
##......... ......>....
######.... #.### #.#..


You could see an adder.

Vanquished Creatures
  An orc wizard (D:4)
  Natasha (thrice) (D:2)
  A worker ant (D:3)
  2 adders (D:3)
  3 oozes
  5 worms
  3 dart slugs (D:2)
  2 giant geckos
  10 orcs
  10 bats
  4 giant cockroaches
  6 goblins
  9 hobgoblins
  6 jackals
  A ball python (D:1)
  2 giant newts
  11 kobolds
  8 rats
87 creatures vanquished.

Notes
Turn   | Place    | Note
--------------------------------------------------------------
     0 | D:1      | Chiseanne the Demonspawn Wizard began the quest for the Orb.
     0 | D:1      | Reached XP level 1. HP: 13/13 MP: 4/4
   358 | D:1      | Gained mutation: You sometimes gain a little power by taking damage. [demonic ancestry]
   358 | D:1      | Reached XP level 2. HP: 18/19 MP: 0/6
   676 | D:1      | Learned a level 2 spell: Blink
   679 | D:1      | Learned a level 2 spell: Repel Missiles
  1013 | D:1      | Learned a level 2 spell: Call Imp
  1275 | D:1      | Reached XP level 3. HP: 24/24 MP: 1/8
  1692 | D:2      | Noticed Natasha
  1730 | D:2      | Killed Natasha
  1737 | D:2      | Noticed Natasha
  1979 | D:2      | Killed Natasha
  1979 | D:2      | Reached XP level 4. HP: 30/30 MP: 3/9
  1992 | D:2      | Noticed Natasha
  2000 | D:2      | Killed Natasha
  2826 | D:2      | Gained mutation: You sometimes gain power by taking damage. [demonic ancestry]
  2826 | D:2      | Reached XP level 5. HP: 35/35 MP: 11/11
  2849 | D:2      | Found a faded altar to an unknown god.
  2955 | D:2      | Learned a level 3 spell: Mephitic Cloud
  3143 | D:2      | Found a burning altar of Makhleb.
  3143 | D:2      | Noticed a green death
  3673 | D:3      | Found an ancient bone altar of Kikubaaqudgha.
  3979 | D:3      | Learned a level 3 spell: Conjure Flame
  4050 | D:3      | Found a shadowy altar of Dithmenos.
  4307 | D:3      | Found a white marble altar of Elyvilon.
  4362 | D:3      | Found a basalt altar of Yredelemnul.
  4629 | D:4      | Gained mutation: A weak demonic guardian rushes to your aid. [demonic ancestry]
  4629 | D:4      | Reached XP level 6. HP: 37/41 MP: 0/13
  4727 | D:4      | Quit the game

Skill      XL: |  1  2  3  4  5 |
---------------+----------------+-----
Conjurations   | 2 3 4 |  4.2
Spellcasting   | 4 |  4.9
Dodging        | |  1.7
Stealth        | |  1.7
Summonings     | |  1.0
Translocations | |  0.8

Action                   |  1- 3 |  4- 6 || total
-------------------------+-------+-------++-------
Melee: Unarmed           |    10 |       ||    10
       Club              |     4 |       ||     4
       Short sword       |     6 |       ||     6
       Dagger            |       |    30 ||    30
 Fire: Hunting sling     |     8 |   188 ||   196
 Cast: Magic Dart        |    75 |    71 ||   146
       Repel Missiles    |     1 |     1 ||     2
       Blink             |       |    18 ||    18
       Mephitic Cloud    |       |     2 ||     2
       Call Imp          |       |     1 ||     1
Evoke: Wand              |       |     1 ||     1
  Use: Scroll            |     4 |     5 ||     9
  Eat: Chunk             |     3 |     9 ||    12
Armor: Robe              |     9 |    19 ||    28
Dodge: Dodged            |    27 |    67 ||    94
       Deflected         |       |     3 ||     3
